General information
- name: Partida local (miguel)
- type: Custom game
- host: miguel
- saver: miguel
map: Circumvention
- players: 2
- length: 21:52
- speed: Fast
- version: 1.26 W3XP
- replay type: Public
» download(106 KB)
Players
team 1 (winner)
miguel (
brown | 48 APM | 1042 actions | 21:52)
3 Archmage
2 Blizzard
1 Summon Water Elemental
» actions
| Assign group hotkey | 30 | |
| Basic commands | 3 | |
| Build / train | 56 | |
| Enter build submenu | 24 | |
| Enter hero's abilities submenu | 3 | |
| Remove unit from queue | 1 | |
| Right click | 437 | |
| Select / deselect | 322 | |
| Select group hotkey | 54 | |
| Use ability | 112 | |
1042 total
» units
| Peasant | 11 | |
| Mortar Team | 7 | |
| Sorceress | 6 | |
| Priest | 2 | |
26 total
» upgrades
| Lumber Harvesting | 1 | |
| Sorceress Training | 1 | |
| Priest Training | 1 | |
3 total
» buildings
| Altar of Kings | 1 | |
| Farm | 12 | |
| Arcane Vault | 1 | |
| Lumber Mill | 1 | |
| Scout Tower | 3 | |
| Keep | 1 | |
| Blacksmith | 1 | |
| Arcane Tower | 1 | |
| Workshop | 2 | |
| Arcane Sanctum | 1 | |
| Castle | 1 | |
25 total
» build order
00:04 Altar of Kings
00:10 Farm
01:07 Arcane Vault
01:14 Farm
01:49 Lumber Mill
02:35 Scout Tower
02:52 Farm
03:19 Keep
04:52 Scout Tower
04:55 Scout Tower
05:25 Blacksmith
05:53 Arcane Tower
06:18 Workshop
06:20 Workshop
06:56 Farm
07:46 Arcane Sanctum
07:51 Farm
09:22 Farm
09:25 Farm
11:10 Farm
11:56 Farm
15:14 Farm
16:05 Farm
16:06 Farm
20:09 Castle
» items
| Lesser Clarity Potion | 5 | |
| Mechanical Critter | 3 | |
| Scroll of Regeneration | 6 | |
| Potion of Healing | 1 | |
| Scroll of Town Portal | 4 | |
19 total
team 2 (loser)
kodachi (
pink | 49 APM | 886 actions | 17:54)
3 Shadow Hunter
1 Hex
1 Serpent Ward
1 Healing Wave
» actions
| Assign group hotkey | 12 | |
| Basic commands | 1 | |
| Build / train | 36 | |
| Enter build submenu | 19 | |
| Enter hero's abilities submenu | 3 | |
| Give item / drop item | 2 | |
| Remove unit from queue | 4 | |
| Right click | 520 | |
| Select / deselect | 209 | |
| Select group hotkey | 29 | |
| Use ability | 50 | |
886 total
» units
| Peon | 15 | |
| Troll Headhunter/Berserker | 9 | |
24 total
» upgrades
| Ranged Weapons | 0 | |
| Spiked Barricades | 1 | |
1 total
» buildings
| Altar of Storms | 1 | |
| War Mill | 1 | |
| Orc Burrow | 4 | |
| Barracks | 2 | |
| Watch Tower | 3 | |
| Voodoo Lounge | 1 | |
| Stronghold | 1 | |
| Great Hall | 2 | |
15 total
» build order
00:15 Altar of Storms
00:21 War Mill
00:32 Orc Burrow
01:22 Barracks
01:45 Watch Tower
02:43 Watch Tower
03:12 Barracks
06:12 Voodoo Lounge
07:01 Orc Burrow
07:05 Orc Burrow
08:56 Orc Burrow
09:34 Stronghold
09:54 Watch Tower
11:32 Great Hall
15:28 Great Hall
» items
| Healing Salve | 1 | |
| Lesser Clarity Potion | 3 | |
| Scroll of Speed | 1 | |
5 total
Chat log
(02:46 / All) miguel: y bien
(11:06 / All) miguel: MONSTER KLL
(13:18 / All) kodachi: eres un hijoputo
(16:06 / All) kodachi: estás jugando ya por divertirte
(16:09 / All) kodachi: capullo
(16:11 / All) miguel: XDD
(16:58 / All) kodachi: no